Map: Pillars of Gold LE

Players

razzle

  • Race: Zerg Zerg
  • League: Diamond
  • Spawn Location: 7:00

Zaechus - Winner!

  • Race: Protoss Protoss
  • League: Diamond
  • Spawn Location: 1:00

VOD

Have the link to the VOD?

Description

Time

  • Played on: July 30, 2020, 3:02 a.m.
  • Length: 19:37
Show
View Real Time Build Order
Export as new Build Order

razzle Zerg 

Build Orders: Hatch First 

Get SALT Encoding   

  12  0:00  Drone  
  13  0:15  Overlord  
  13  0:20  Drone  
  14  0:35  Drone x2  
  16  0:37  Drone  
  17  0:56  Hatchery  
  16  0:59  Drone  
  17  1:07  Drone  
  18  1:18  Spawning Pool  
  17  1:20  Drone  
  18  1:27  Drone  
  19  1:36  Drone  
  20  1:47  Hatchery  
  19  1:52  Drone  
  20  1:55  Extractor  
  19  2:04  Drone x2  
  19  2:08  Queen  
  23  2:16  Queen  
  23  2:21  Drone  
  26  2:30  Overlord  
  26  2:36  Drone  
  26  2:37  Drone  
  28  2:44  Overlord  
  28  2:53  Drone x4  
  32  3:00  Drone x2  
  32  3:01  Queen  
  32  3:03  Drone  
  37  3:07  Drone  
  38  3:13  Drone  
  38  3:19  Queen  
  41  3:30  Pneumatized Carapace  
  41  3:35  Drone x3  
  41  3:36  Drone x6  
  41  3:40  Overlord  
  50  3:43  Overlord  
  50  3:47  Overlord  
  50  3:54  Extractor  
  49  3:55  Extractor  
  49  3:56  Drone  
  49  3:57  Drone  
  49  3:58  Overlord  
  49  4:00  Drone x3  
  53  4:04  Extractor  
  53  4:08  Drone  
  53  4:09  Drone x2  
  55  4:12  Drone x2  
  55  4:13  Drone  
  58  4:18  Evolution Chamber  
  58  4:21  Evolution Chamber  
  56  4:24  Baneling Nest  
  56  4:29  Metabolic Boost  
  55  4:35  Zergling x4  
  55  4:36  Zergling x4  
  59  4:39  Zergling x2  
  59  4:40  Zergling x16  
  68  4:46  Lair  
  68  4:53  Zerg Melee Weapons Level 1  
  66  5:03  Zergling x6  
  66  5:04  Zergling x2  
  69  5:08  Zergling x10  
  69  5:10  Zergling x2  
  74  5:18  Zergling x2  
  74  5:19  Zergling x8  
  78  5:23  Zergling x4  
  71  5:42  Drone x3  
  71  5:43  Drone x2  
  71  5:48  Drone x2  
  74  5:51  Spore Crawler  
  74  5:53  Spore Crawler  
  72  6:10  Zergling x2  
  73  6:11  Overlord x2  
  73  6:12  Overlord x3  
  73  6:25  Zerg Ground Armor Level 1  
  73  6:29  Spire  
  73  6:30  Hatchery  
  71  6:35  Drone  
  71  6:36  Drone x8  
  80  6:45  Drone x2  
  80  6:46  Drone x2  
  84  6:48  Drone  
  85  6:57  Drone x5  
  85  6:59  Extractor  
  89  7:02  Extractor  
  89  7:08  Zerg Melee Weapons Level 2  
  88  7:10  Drone x3  
  88  7:11  Drone x3  
  88  7:12  Drone x2  
  96  7:26  Overlord x2  
  96  7:27  Baneling  
  96  7:28  Baneling x16  
  96  7:29  Baneling x10  
  96  7:34  Zergling x8  
  100  7:43  Mutalisk x3  
  102  7:49  Mutalisk  
  102  7:50  Mutalisk x2  
  112  7:54  Mutalisk  
  112  7:57  Zergling x4  
  116  7:59  Zergling x2  
  116  8:00  Zergling x2  
  116  8:01  Overseer  
  118  8:06  Zergling x2  
  118  8:11  Corruptor x2  
  119  8:24  Corruptor x2  
  119  8:26  Drone x3  
  126  8:30  Drone x2  
  126  8:31  Overlord  
  126  8:32  Overlord x2  
  128  8:42  Queen  
  117  8:49  Corruptor x4  
  106  9:06  Zergling x20  
  106  9:07  Zergling x8  
  119  9:20  Zergling x6  
  119  9:21  Zergling x12  
  119  9:22  Zergling x2  
  126  9:30  Drone x2  
  128  9:31  Spore Crawler  
  128  9:33  Drone x2  
  129  9:44  Corruptor  
  129  9:45  Corruptor x2  
  135  9:52  Hatchery  
  134  9:54  Drone x2  
  136  10:00  Zerg Flyer Weapons Level 1  
  136  10:03  Hatchery, Overlord x2  
  135  10:08  Extractor  
  135  10:09  Drone x2  
  135  10:10  Extractor  
  135  10:12  Overlord x4  
  135  10:17  Overseer  
  135  10:24  Corruptor  
  137  10:29  Drone x3  
  137  10:30  Drone  
  137  10:32  Drone x3  
  137  10:34  Corruptor x6  
  156  10:37  Zergling x18  
  156  10:40  Zergling x2  
  166  10:47  Zergling x4  
  168  10:52  Zergling x4  
  168  10:54  Zergling x2  
  171  11:01  Zergling x6  
  171  11:02  Zergling x2, Drone  
  176  11:24  Spore Crawler  
  175  11:26  Spore Crawler  
  167  11:59  Zergling x24  
  167  12:00  Zergling x28  
  189  12:05  Infestation Pit  
  184  12:26  Zergling x2  
  155  12:50  Zergling x2  
  155  12:51  Zergling x32  
  161  12:54  Baneling  
  161  12:55  Baneling x15  
  161  12:56  Baneling x31  
  161  12:57  Baneling x30  
  166  12:58  Centrifical Hooks  
  166  13:04  Roach Warren  
  165  13:14  Hive  
  165  13:25  Overlord x5  
  165  13:33  Drone  
  165  13:34  Drone x10  
  176  13:45  Glial Reconstitution  
  176  13:47  Zerg Missile Weapons Level 1, Zerg Ground Armor Level 2  
  176  13:49  Roach  
  176  13:50  Roach x11  
  176  13:53  Extractor  
  199  14:01  Roach  
  191  14:13  Queen  
  193  14:37  Adrenal Glands  
  178  14:58  Ultralisk Cavern  
  174  15:11  Viper x3  
  183  15:22  Hatchery  
  183  15:28  Extractor  
  181  15:31  Hydralisk Den  
  180  15:41  Corruptor  
  182  15:44  Corruptor  
  182  15:45  Corruptor x8  
  200  15:52  Zerg Flyer Weapons Level 2  
  200  15:56  Zerg Melee Weapons Level 3  
  200  15:59  Chitinous Plating  
  130  16:52  Roach x7  
  130  16:53  Roach x2  
  130  16:54  Roach x7  
  146  16:55  Roach x10  
  146  16:56  Roach x11  
  146  16:57  Roach  
  146  16:58  Roach x4  
  193  17:09  Roach x3  
  195  17:17  Anabolic Synthesis  
  182  17:34  Roach  
  182  17:35  Roach x15  
  190  17:47  Roach  
  190  17:48  Roach x4  
  196  17:59  Roach  
  152  18:25  Overseer  
  152  18:26  Overseer x10  
  126  18:38  Corruptor x2  
  126  18:39  Corruptor x12  
  126  18:40  Corruptor  
  128  18:41  Roach  
  128  18:42  Roach x5  
  128  18:47  Roach  
  142  18:51  Roach x2  
  142  18:52  Roach x2  
  142  18:54  Roach  
  152  18:56  Roach  
  152  19:00  Roach  
  145  19:11  Roach x5  
  144  19:19  Hatchery  
Show
View Real Time Build Order
Export as new Build Order

Zaechus Protoss - Winner!

Build Orders: 1 Gate Expand, Chargelot Immortal 

Get SALT Encoding   

  12  0:00  Probe  
  13  0:12  Probe  
  14  0:19  Pylon  
  14  0:24  Probe  
  15  0:37  Gateway  
  15  0:39  Probe (Chrono Boost)  
  16  0:46  Assimilator  
  17  0:50  Probe (Chrono Boost)  
  17  0:55  Probe  
  18  1:07  Probe  
  19  1:19  Probe  
  20  1:28  Nexus  
  20  1:38  Cybernetics Core  
  20  1:41  Probe  
  21  1:48  Assimilator  
  21  1:53  Probe  
  22  1:56  Pylon  
  22  2:04  Probe  
  23  2:11  Stalker (Chrono Boost)  
  23  2:13  Probe  
  25  2:17  Warp Gate  
  25  2:21  Probe  
  27  2:31  Probe  
  27  2:32  Twilight Council  
  28  2:38  Adept  
  28  2:42  Probe  
  31  2:45  Probe  
  32  2:54  Probe  
  32  2:57  Probe  
  34  3:04  Gateway  
  34  3:06  Resonating Glaives (Chrono Boost)  
  34  3:09  Gateway  
  34  3:17  Adept  
  34  3:19  Probe  
  37  3:20  Probe  
  38  3:31  Probe  
  38  3:33  Pylon  
  39  3:38  Shield Battery  
  39  3:39  Probe  
  40  3:43  Probe  
  41  3:51  Probe  
  41  3:55  Probe  
  43  4:04  Probe  
  43  4:07  Probe  
  43  4:09  Adept  
  47  4:10  Adept  
  47  4:16  Adept  
  51  4:21  Nexus  
  51  4:26  Probe x2  
  51  4:30  Pylon  
  53  4:33  Pylon  
  53  4:36  Stargate  
  53  4:40  Stargate  
  53  4:44  Assimilator  
  54  4:45  Probe  
  54  4:46  Assimilator  
  54  4:48  Probe  
  55  4:57  Probe  
  56  5:00  Probe  
  57  5:22  Probe x2  
  57  5:23  Phoenix x2  
  63  5:34  Probe x2  
  57  5:43  Robotics Facility  
  57  5:46  Probe x2  
  57  5:48  Phoenix x2  
  61  5:51  Zealot x2  
  61  5:52  Zealot  
  67  5:58  Probe x2  
  67  6:00  Probe  
  70  6:10  Probe x2  
  68  6:13  Phoenix x2  
  68  6:15  Zealot x2  
  68  6:16  Zealot  
  74  6:53  Pylon x2  
  74  7:11  Phoenix x2, Probe x2  
  74  7:12  Immortal  
  84  7:23  Probe x2  
  84  7:27  Nexus  
  86  7:34  Charge (Chrono Boost)  
  86  7:35  Pylon  
  86  7:38  Pylon  
  86  7:49  Protoss Air Weapons Level 1 (Chrono Boost)  
  86  7:53  Probe x2, Immortal  
  86  7:54  Assimilator  
  86  7:55  Assimilator  
  92  8:01  Zealot x3  
  98  8:05  Probe x2  
  100  8:17  Probe x2  
  102  8:32  Pylon  
  102  8:34  Pylon  
  102  8:39  Probe x2, Immortal  
  102  8:40  Forge  
  108  8:44  Fleet Beacon  
  108  8:48  Zealot x3  
  108  8:51  Probe  
  73  9:06  Probe x3  
  76  9:11  Zealot x3, Protoss Ground Weapons Level 1 (Chrono Boost)  
  82  9:18  Probe, Immortal  
  85  9:24  Templar Archives  
  85  9:25  Probe x2  
  85  9:30  Probe  
  86  9:37  Probe (Chrono Boost)  
  88  9:39  Assimilator  
  88  9:40  Probe (Chrono Boost), Pylon  
  88  9:42  Probe (Chrono Boost)  
  89  9:49  Probe (Chrono Boost)  
  89  9:51  Probe (Chrono Boost)  
  89  9:52  Probe (Chrono Boost)  
  92  9:58  Probe  
  92  9:59  Probe x2  
  92  10:03  Zealot x3  
  101  10:07  Immortal  
  101  10:08  Psionic Storm  
  101  10:10  Probe  
  101  10:11  Probe  
  101  10:12  Probe  
  108  10:24  Nexus  
  108  10:27  Zealot x3, Pylon  
  114  10:48  Gateway  
  114  10:49  Gateway  
  114  10:51  Gateway  
  114  10:53  Immortal, Pylon  
  118  11:05  High Templar, Stargate  
  118  11:06  High Templar x2, Stargate  
  118  11:09  Stargate  
  124  11:20  Gateway  
  124  11:22  Probe x2  
  126  11:38  Stalker x2  
  126  11:39  Stalker  
  122  12:17  Stalker x4  
  122  12:18  Stalker x2  
  134  12:23  Zealot  
  124  12:30  Protoss Ground Weapons Level 2 (Chrono Boost)  
  124  12:35  Fleet Beacon  
  124  12:40  Pylon  
  124  12:43  Stargate  
  124  12:46  High Templar x4  
  124  12:47  High Templar x3  
  138  12:52  Archon  
  138  12:55  Nexus  
  138  12:56  Probe x2 (Chrono Boost)  
  138  12:57  Probe (Chrono Boost)  
  139  13:03  Assimilator  
  141  13:05  Assimilator  
  141  13:07  Probe x3 (Chrono Boost)  
  141  13:11  Probe x3 (Chrono Boost)  
  142  13:15  Fleet Beacon  
  145  13:21  High Templar x5  
  145  13:22  High Templar  
  145  13:26  Gateway  
  157  13:27  Pylon  
  157  13:29  Pylon x2  
  157  13:30  Protoss Air Weapons Level 2 (Chrono Boost)  
  157  13:31  Pylon  
  157  13:39  Archon  
  157  13:41  Archon  
  157  13:45  Probe x3  
  160  13:57  Probe x2  
  163  14:09  Nexus  
  162  14:14  Photon Cannon  
  162  14:16  Photon Cannon  
  162  14:17  Shield Battery  
  162  14:20  Photon Cannon x2  
  162  14:21  Photon Cannon x2  
  162  14:23  Shield Battery  
  162  14:26  Probe x3  
  162  14:29  Zealot  
  162  14:30  Zealot x3  
  162  14:31  Zealot  
  175  14:37  Zealot  
  175  14:38  Zealot, Probe  
  176  14:45  Zealot  
  160  15:05  Probe (Chrono Boost)  
  160  15:06  Photon Cannon  
  160  15:07  Probe (Chrono Boost), Protoss Ground Weapons Level 3 (Chrono Boost)  
  163  15:15  Probe x2 (Chrono Boost)  
  163  15:17  Archon  
  163  15:20  Probe x2 (Chrono Boost)  
  166  15:29  Nexus  
  166  15:32  Probe x2  
  168  15:53  High Templar x7  
  168  15:54  High Templar  
  184  15:57  Pylon  
  184  16:08  Mothership  
  184  16:13  Pylon  
  192  16:29  Protoss Air Weapons Level 3 (Chrono Boost)  
  172  16:38  Immortal (Chrono Boost)  
  168  16:40  Stalker x4  
  168  16:41  Stalker x3  
  136  16:54  Carrier (Chrono Boost)  
  138  16:59  Zealot  
  140  17:08  Immortal  
  144  17:21  Archon  
  144  17:22  Zealot x7  
  156  17:23  Zealot  
  136  17:38  Immortal  
  136  17:40  Carrier x3 (Chrono Boost)  
  144  17:49  Stalker  
  144  17:50  Stalker x2  
  150  17:53  Stalker  
  148  18:00  Stalker x2  
  134  18:07  Probe x2  
  134  18:08  Probe x2  
  136  18:19  Probe  
  138  18:20  Probe  
  136  18:29  Stalker x5  
  136  18:30  Stalker x2  
  136  18:31  Stalker  
  150  19:00  Zealot x2  
  150  19:01  Zealot x5  
  164  19:06  Nexus  
Tags
 
Add a new tag
Caveats
  • Supply blocks, unpowered buildings, or Contaminate may cause inaccurate times.
  • Supply counts are checked every 10 seconds.